 Dungeon Crawl Stone Soup version 0.18.1-48-g4cf74bf (webtiles) character file.

1567 sudo the Covered (level 8, -2/54 HPs)
             Began as a High Elf Fighter on June 28, 2016.
             Was a Follower of Okawaru.
             Slain by a sky beast (6 damage)
             ... on level 6 of the Dungeon.
             The game lasted 00:08:10 (6136 turns).

sudo the Covered (High Elf Fighter)                 Turns: 6136, Time: 00:08:11

Health: -2/54      AC:  7    Str: 21    XL:     8   Next: 59%
Magic:  8/8        EV: 10    Int: 14    God:    Okawaru [*.....]
Gold:   332        SH: 10    Dex: 14    Spells: 0 memorised, 7 levels left

rFire  + + .     SeeInvis .     l - +1 flail of Nehi {crush, rF++} (curse)
rCold  . . .     Gourm    .     n - +0 scale mail (curse)
rNeg   . . .     Faith    .     c - +0 shield
rPois  +         Spirit   .     (helmet restricted)
rElec  .         Dismiss  .     (no cloak)
rCorr  .         Reflect  .     (no gloves)
SustAt .         Harm     .     (no boots)
MR     .....                    (no amulet)
Stlth  ..........               e - ring of poison resistance
                                g - ring of flight

@: mighty, not resistant to hostile enchantments, extremely unstealthy
A: horns 1, low mp 1, MP-powered wands
a: Heroism, Renounce Religion, Evoke Flight


You were on level 6 of the Dungeon.
You worshipped Okawaru.
Okawaru was aware of your devotion.
You were not hungry.

You visited 2 branches of the dungeon, and saw 7 of its levels.
You also visited: Sewer.

You collected 332 gold pieces.

Inventory:

Hand Weapons
 a - a +0 long sword
 l - the cursed +1 flail of Nehi (weapon) {crush, rF++}
   (You found it on level 5 of the Dungeon)

   It inflicts extra damage upon your enemies.
   It greatly protects you from fire.
   It has a curse placed upon it.
 w - a +1 short sword of venom
Armour
 b - a +0 scale mail
 c - a +0 shield (worn)
 n - a cursed +0 scale mail (worn)
Jewellery
 e - a ring of poison resistance (right hand)
 g - a ring of flight (left hand)
Wands
 v - a wand of flame (4/48)
Scrolls
 h - a scroll of identify
 j - 2 scrolls of teleportation
 m - a scroll of noise
 o - a scroll of amnesia
 p - a scroll of enchant armour {unknown}
 u - 2 scrolls of recharging
Potions
 q - a potion of cure mutation
 s - a potion of haste
 t - a potion of degeneration
Comestibles
 f - 2 bread rations
 i - 2 fruits
 k - 4 meat rations


   Skills:
 + Level 4.9 Fighting
 + Level 2.6(4.2) Short Blades
 + Level 5.1(5.4) Long Blades
 + Level 6.1 Armour
 + Level 4.3 Dodging
 - Level 0.2 Stealth
 + Level 5.3 Shields
 + Level 0.6 Evocations


You had 7 spell levels left.
You didn't know any spells.

Dungeon Overview and Level Annotations

Branches:
Dungeon (6/15)             Temple (1/1) D:5

Altars:
Ashenzari
Cheibriados
Dithmenos
Fedhas
Kikubaaqudgha
Makhleb
Okawaru
Pakellas
Qazlal
Sif Muna

Shops:
D:4 }


Innate Abilities, Weirdness & Mutations

You have a pair of small horns on your head.
Your magical capacity is low (-10% MP).
You expend magic power (3 MP) to strengthen your wands.


Message History

Something hits you.
* * * LOW HITPOINT WARNING * * *
Something shocks you.
* * * LOW HITPOINT WARNING * * *
You miss something. Something hits you but does no damage.
Drink which item? (? for menu, Esc to quit)
You feel very mighty all of a sudden. You block something's attack.
Drink which item? (? for menu, Esc to quit)
You feel better. Something hits you. Something shocks you.
* * * LOW HITPOINT WARNING * * *
Your shield and scale mail prevent you from hitting something.
Something hits you.
* * * LOW HITPOINT WARNING * * *
Something shocks you.
* * * LOW HITPOINT WARNING * * *
Something hits you.
* * * LOW HITPOINT WARNING * * *
Something shocks you.
You die...

# ###### .. ##.......
... #............# ....
#............## .....
##.............#
......##..............#
#.{@..............##
###.................
#.$...............
##.$..............
#................
#................
#.......†........
#................
##.........<.....


There were no monsters in sight!

Vanquished Creatures
  The ghost of Thrillho the Changer, a novice OpTm (D:5)
  Sigmund (D:2)
  An ogre (D:4)
  2 phantoms
  2 giant frogs (Sewer)
  A water moccasin zombie (D:5)
  2 scorpions
  A howler monkey (D:4)
  A jelly (D:5)
  2 hounds
  A giant frog skeleton (D:4)
  An iguana (D:4)
  Ijyb (D:3)
  A worker ant (D:5)
  4 gnolls (D:4)
  12 adders
  A river rat (D:4)
  An ooze (D:3)
  6 worms
  3 dart slugs
  8 giant geckos
  3 orcs
  4 bats
  10 giant cockroaches
  6 goblins
  3 hobgoblins (D:3)
  7 jackals
  8 kobolds
  4 quokkas
  5 ball pythons
  10 giant newts
  A quokka skeleton (D:5)
  6 rats
120 creatures vanquished.

Notes
Turn   | Place    | Note
--------------------------------------------------------------
     0 | D:1      | sudo the High Elf Fighter began the quest for the Orb.
     0 | D:1      | Reached XP level 1. HP: 16/16 MP: 2/2
   392 | D:1      | Reached XP level 2. HP: 21/21 MP: 3/3
   915 | D:2      | Reached skill level 3 in Armour
   932 | D:2      | Noticed Sigmund
   942 | D:2      | Killed Sigmund
   942 | D:2      | Reached skill level 1 in Dodging
   942 | D:2      | Reached XP level 3. HP: 9/27 MP: 4/4
   942 | D:2      | Reached XP level 4. HP: 11/33 MP: 5/5
   942 | D:2      | Reached XP level 5. HP: 13/37 MP: 6/6
  2066 | D:3      | Reached XP level 6. HP: 42/43 MP: 7/7
  2266 | D:3      | Noticed Ijyb
  2275 | D:3      | Killed Ijyb
  2528 | D:4      | Reached skill level 1 in Short Blades
  2641 | D:4      | Found a glowing drain.
  2645 | Sewer    | Entered a sewer
  2839 | Sewer    | Reached skill level 4 in Armour
  2941 | Sewer    | Reached XP level 7. HP: 39/49 MP: 8/8
  3475 | D:4      | Found a shadowy altar of Dithmenos.
  3547 | D:4      | Found Ysungoc's Gadget Shop.
  3774 | D:4      | Gained mutation: Your magical capacity is low (-10% MP). [potion of mutation]
  3774 | D:4      | Gained mutation: You have a pair of small horns on your head. [potion of mutation]
  3774 | D:4      | Gained mutation: You expend magic power (3 MP) to strengthen your wands. [potion of mutation]
  4482 | D:5      | Entered Level 5 of the Dungeon
  4535 | D:5      | Reached skill level 5 in Armour
  4604 | D:5      | Found a staircase to the Ecumenical Temple.
  4610 | Temple   | Entered the Ecumenical Temple
  4845 | Temple   | Became a worshipper of Warmaster Okawaru
  4971 | D:5      | Noticed Thrillho's ghost (novice OpTm)
  4999 | D:5      | Killed Thrillho's ghost
  4999 | D:5      | Reached skill level 5 in Long Blades
  4999 | D:5      | Reached skill level 5 in Shields
  4999 | D:5      | Reached XP level 8. HP: 36/54 MP: 8/8
  5104 | D:5      | Found a stormy altar of Qazlal.
  5176 | D:5      | Reached * piety under Okawaru
  5573 | D:5      | Got a transparent flail
  5574 | D:5      | Identified the cursed +1 flail of Nehi {crush, rF++} (You found it on level 5 of the Dungeon)
  5606 | D:5      | Reached skill level 6 in Armour
  6136 | D:6      | Slain by a sky beast

Skill      XL: |  1  2  3  4  5  6  7  8 |
---------------+-------------------------+-----
Armour         | 3 4 5 6 |  6.1
Long Blades    | 3 4 5 |  5.1
Dodging        | 1 2 4 |  4.3
Shields        | 3 4 5 |  5.3
Fighting       | 4 |  4.9
Short Blades   | 1 2 |  2.6
Stealth        | |  0.2
Evocations     | |  0.6

Action                   |  1- 3 |  4- 6 |  7- 9 || total
-------------------------+-------+-------+-------++-------
Melee: Long sword        |    46 |    40 |    41 ||   127
       Short sword       |       |   259 |   117 ||   376
       Headbutt          |       |       |    25 ||    25
       Flail             |       |       |    47 ||    47
       Rapier            |       |       |    20 ||    20
Evoke: Wand              |       |       |     3 ||     3
  Use: Potion            |     1 |     1 |     8 ||    10
       Scroll            |       |     8 |     6 ||    14
  Eat: Chunk             |       |     7 |     1 ||     8
       Meat ration       |       |       |     2 ||     2
Armor: Scale mail        |    18 |    93 |    71 ||   182
Dodge: Dodged            |    16 |    76 |    56 ||   148
Block: Shield            |    24 |   134 |    95 ||   253
